 Dungeon Crawl Stone Soup version 0.31-a0-175-g9f7f995f2b (webtiles) character file.

Game seed: 14437835161840579159

55 qw the Shooter (level 3, 0/32 HPs)
             Began as a Naga Hunter on June 16, 2023.
             Slain by a gnoll
             ... wielding a +0 spear
              (6 damage)
             ... on level 2 of the Dungeon.
             The game lasted 00:00:24 (868 turns).

qw the Shooter (Naga Hunter)                         Turns: 868, Time: 00:00:24

Health: 0/32       AC:  2    Str: 13    XL:     3   Next: 93%
Magic:  3/3        EV:  9    Int:  9    God:
Gold:   82         SH:  0    Dex: 16    Spells: 2/2 levels left

rFire   . . .        Y - +0 shortbow
rCold   . . .        (shield currently unavailable)
rNeg    . . .        c - +0 leather armour
rPois   +            (no helmet)
rElec   .            (no cloak)
rCorr   .            (no gloves)
SInv    +            (no barding)
Will    .....        (no amulet)
Stlth   ++           (no ring)
HPRegen 0.25/turn    (no ring)
MPRegen 0.08/turn

%: no passive effects
@: short of breath, very slow
A: AC +1, large, see invisible, deformed body, poison resistance, slowness 2,
spit poison 1, naga tail 1
a: Spit Poison


You were on level 2 of the Dungeon.
You visited 1 branch of the dungeon, and saw 2 of its levels.

You collected 82 gold pieces.


Innate Abilities, Weirdness & Mutations

Your serpentine skin is tough. (AC +1)
You have supernaturally acute eyesight. (SInv)
Armour fits poorly on your strangely shaped body.
Your system is resistant to poisons. (rPois)
You cover ground very slowly.
You can spit poison.
You have a snake-like lower body.


   Skills:
 - Level 2.0 Fighting
 + Level 4.9 Ranged Weapons
 - Level 1.5 Dodging
 - Level 1.5 Stealth


You had 2 spell levels left.
You didn't know any spells.
Your spell library was empty.

Inventory:

Hand Weapons
 Y - a +0 shortbow (weapon)
Armour
 c - a +0 leather armour (worn)
Scrolls
 d - a scroll of torment {unknown}
Potions
 a - a potion of attraction {unknown}
 b - 2 potions of ambrosia {unknown}
 e - a potion of might {unknown}
 f - 3 potions of curing {unknown}

Dungeon Overview and Level Annotations

Branches:
Dungeon (2/15)

Altars:


Message History

833 ||| INVOKING Spit Poison.
Aiming: Spit Poison (2% risk of failure)
Press: ? - help, Shift-Dir - straight line, f - hobgoblin The splash of poison hits the hobgoblin.
The hobgoblin is poisoned.
You kill the hobgoblin!
You start resting.
You have got your breath back.
HP restored.
d - a scroll labelled NAASAQI CAUL
Enter note:
Enter note: You now have 82 gold pieces (gained 14). 3 gnolls come into view.
The gnoll shouts!
A gnoll comes into view. It is wielding a +0 flail.
The gnoll hits you from afar with a +0 spear.
The gnoll barely misses you.
The gnoll moves out of view.
Enter note:
Enter note:
864 ||| Stepping ~*~*~tactically~*~*~ (outnumbered).
865 ||| INVOKING Spit Poison.
Aiming: Spit Poison (2% risk of failure)
Press: ? - help, Shift-Dir - straight line, f - gnoll The splash of poison hits the gnoll!
The gnoll is heavily wounded.
The gnoll hits you from afar with a +0 spear.
You shoot an arrow. The arrow hits the gnoll.
The gnoll is severely wounded.
The gnoll hits you from afar with a +0 spear.
You shoot an arrow.
The arrow hits the gnoll but does no damage.
The gnoll is severely wounded.
You hear a shout!
The gnoll hits you from afar with a +0 spear.
You shoot an arrow. The arrow hits the gnoll.
The gnoll is severely wounded.
You hear a shout!
The gnoll hits you from afar with a +0 spear. x2
You die...

#.#...................
#...##..###...........
#..###..# ##\..\..\..\
#.......# ............
#......## #...........
#........ ..\..7......
#...##### #...........
#.####### ...........
#....@..# ..8.._...
#######g# ......... .#
....%... g. 7..\..\
..# .># g.# ... ..#
#.## ..# .. . # #. #


You could see a gnoll.

Vanquished Creatures
  An adder (D:2)
  A dart slug (D:1)
  3 ball pythons (D:2)
  4 endoplasms
  2 giant cockroaches (D:1)
  5 goblins
  A hobgoblin (D:2)
  7 jackals (D:1)
  4 kobolds (D:1)
  2 quokkas
  2 bats
  A frilled lizard (D:1)
  6 rats
39 creatures vanquished.

Notes
Turn   | Place    | Note
-------+----------+-------------------------------------------
     0 | D:1      | qw the Naga Hunter began the quest for the Orb.
     0 | D:1      | Reached XP level 1. HP: 19/19 MP: 1/1
     0 | D:1      | 0 ||| qw: Version: 0.2-a-29-g511e9b1
     0 | D:1      | 0 ||| qw: Game counter: 35
     0 | D:1      | 0 ||| qw: Always use a shield: true
     0 | D:1      | 0 ||| qw: God list: Okawaru
     0 | D:1      | 0 ||| qw: Allow faded altars: false
     0 | D:1      | 0 ||| qw: Do Orc after D:15 true
     0 | D:1      | 0 ||| qw: Do second Lair branch before Depths: true
     0 | D:1      | 0 ||| qw: Lair rune preference: random
     0 | D:1      | 0 ||| qw: Plans: Normal
     0 | D:1      | 0 ||| PLANNING D:1-11
    33 | D:1      | 33 ||| INVOKING Spit Poison.
    51 | D:1      | 51 ||| INVOKING Spit Poison.
    56 | D:1      | 56 ||| INVOKING Spit Poison.
    82 | D:1      | 82 ||| INVOKING Spit Poison.
    89 | D:1      | 89 ||| INVOKING Spit Poison.
    92 | D:1      | Reached skill level 4 in Ranged Weapons
    92 | D:1      | Reached XP level 2. HP: 26/26 MP: 2/2
   103 | D:1      | 103 ||| INVOKING Spit Poison.
   157 | D:1      | 157 ||| INVOKING Spit Poison.
   195 | D:1      | 195 ||| INVOKING Spit Poison.
   200 | D:1      | 200 ||| INVOKING Spit Poison.
   205 | D:1      | 205 ||| INVOKING Spit Poison.
   210 | D:1      | 210 ||| INVOKING Spit Poison.
   287 | D:1      | 287 ||| INVOKING Spit Poison.
   321 | D:1      | 321 ||| INVOKING Spit Poison.
   322 | D:1      | 322 ||| INVOKING Spit Poison.
   412 | D:1      | 412 ||| INVOKING Spit Poison.
   418 | D:1      | 418 ||| INVOKING Spit Poison.
   507 | D:1      | Reached XP level 3. HP: 32/32 MP: 3/3
   509 | D:1      | 509 ||| INVOKING Spit Poison.
   542 | D:1      | 542 ||| INVOKING Spit Poison.
   545 | D:1      | 545 ||| INVOKING Spit Poison.
   548 | D:1      | 548 ||| Stepping ~*~*~tactically~*~*~ (outnumbered).
   549 | D:1      | 549 ||| INVOKING Spit Poison.
   553 | D:1      | 553 ||| INVOKING Spit Poison.
   657 | D:1      | 657 ||| READING scroll labelled GUWNASTRETUU.
   658 | D:1      | 658 ||| READING scroll labelled ZEBBEAN CAGI.
   659 | D:1      | 659 ||| READING scroll labelled NAWAJ PASM.
   660 | D:1      | 660 ||| DROPPING scroll of butterflies.
   698 | D:2      | 698 ||| INVOKING Spit Poison.
   709 | D:2      | 709 ||| INVOKING Spit Poison.
   712 | D:2      | 712 ||| INVOKING Spit Poison.
   745 | D:2      | 745 ||| INVOKING Spit Poison.
   786 | D:2      | 786 ||| INVOKING Spit Poison.
   791 | D:2      | 791 ||| INVOKING Spit Poison.
   795 | D:2      | 795 ||| INVOKING Spit Poison.
   803 | D:2      | Found a faded altar of an unknown god.
   833 | D:2      | 833 ||| INVOKING Spit Poison.
   864 | D:2      | 864 ||| Stepping ~*~*~tactically~*~*~ (outnumbered).
   865 | D:2      | 865 ||| INVOKING Spit Poison.
   868 | D:2      | HP: 6/32 [gnoll/+0 spear (6)]
   868 | D:2      | Slain by a gnoll

Levels and vault maps discovered:
D:1:      lightli_arrival_lavapool, layout_loops_ring, grunt_decor_mini_mirrors
D:2:      layout_loops_cross, hellmonk_ecumenical_altar_arch_garden,
          minmay_split_cup_large, uniq_robin

Skill      XL: |  1 |
---------------+----+-----
Ranged Weapons | 4 |  4.9
Fighting       | |  2.0
Dodging        | |  1.5
Stealth        | |  1.5

Action                     || total
---------------------------++-------
   Fire: Shortbow          ||    63
Ability: Spit Poison       ||    29
    Use: Scroll            ||     3
 Armour: Leather armour    ||     9
  Dodge: Dodged            ||     4

Table legend:
 A = Non-vault XP
 B = Vault XP
 C = Vault XP percentage of total XP
 D = Non-vault monster count
 E = Vault monster count
 F = Vault count percentage of total count
                 A         B        C        D         E       F
            +---------+---------+-------+---------+---------+-------
      Total |      79 |       0 |   0.0 |      39 |       0 |   0.0
            +---------+---------+-------+---------+---------+-------
        D:1 |      50 |       0 |   0.0 |      28 |       0 |   0.0
        D:2 |      29 |       0 |   0.0 |      11 |       0 |   0.0
            +---------+---------+-------+---------+---------+-------
